 Dungeon Crawl Stone Soup version 0.23.2-40-g277498a001 (webtiles) character file.

Game seed: 16240487050308326729

431 Dodman the Chopper (level 6, -1/57 HPs)
             Began as a Minotaur Berserker on Oct 5, 2019.
             Was a Believer of Trog.
             Slain by a phantom (3 damage)
             ... on level 4 of the Dungeon.
             The game lasted 00:10:08 (2532 turns).

Dodman the Chopper (Minotaur Berserker)             Turns: 2532, Time: 00:10:08

Health: -1/57      AC:  3    Str: 24    XL:     6   Next: 66%
Magic:  5/5        EV: 13    Int:  4    God:    Trog [**....]
Gold:   111        SH:  0    Dex:  9    Spells: 5/5 levels left

rFire    . . .     SeeInvis .   a - +0 hand axe
rCold    . . .     Gourm    .   (no shield)
rNeg     . . .     Faith    .   b - +0 animal skin
rPois    .         Spirit   .   (helmet restricted)
rElec    .         Reflect  .   (no cloak)
rCorr    .         Harm     .   (no gloves)
MR       .....                  (no boots)
Stlth    +.........             (no amulet)
HPRegen  0.19/turn              i - +1 ring of protection
MPRegen  0.09/turn              (no ring)

@: berserk cooldown, slowed, very slow
A: retaliatory headbutt, horns 2
a: Berserk, Trog's Hand, Renounce Religion


You were on level 4 of the Dungeon.
You worshipped Trog.
Trog was pleased with you.
You were not hungry.

You visited 1 branch of the dungeon, and saw 4 of its levels.

You collected 111 gold pieces.

Inventory:

Hand Weapons
 a - a +0 hand axe (weapon)
 e - a +0 club
Armour
 b - a +0 animal skin (worn)
Jewellery
 i - a +1 ring of protection (left hand)
 n - an uncursed ring of stealth
Scrolls
 f - 2 scrolls of blinking {unknown}
 h - a scroll of enchant armour {unknown}
 l - a scroll of amnesia {unknown}
 m - a scroll of immolation {unknown}
 o - a scroll of remove curse {unknown}
Potions
 d - a potion of curing {unknown}
 g - a potion of berserk rage {unknown}
Comestibles
 c - 6 rations
 j - a chunk of flesh


   Skills:
 + Level 6.0 Fighting
 + Level 6.2 Axes
 + Level 2.8 Armour
 + Level 4.4 Dodging


You had 5 spell levels left.
You didn't know any spells.
Your spell library was empty.

Dungeon Overview and Level Annotations

Branches:
Dungeon (4/15)             Temple (0/1) D:4

Altars:
Fedhas
Makhleb
Ru


Innate Abilities, Weirdness & Mutations

You reflexively headbutt those who attack you in melee.
You have a pair of horns on your head.


Message History

The phantom is moderately damaged.
The phantom closely misses you.
The phantom blinks!
The phantom blinks!
Found a glowing mace.
Found a staircase to the Ecumenical Temple.
The phantom blinks!
There is a stone staircase leading down here.
The phantom blinks!
The phantom blinks!
You hit the phantom.
The phantom is moderately damaged.
The phantom hits you but does no damage.
The phantom blinks!
The phantom hits you!
* * * LOW HITPOINT WARNING * * *
There is a staircase to the Ecumenical Temple here.
You closely miss the phantom. You headbutt the phantom!
The phantom is heavily damaged.
The phantom hits you.
You die...

#.# #.# #.# #.# #####
#.# #...#### #.# #..)...
#.#######....#
.)...........######
#.#######....##8@8#.####
#.......<.>......W......
).†......#.#.######.####
#........#.#.# #
#..>.....#.#.#
#....#.#.#.#.#
#..###.#.#.... #..#
#.#.#.#.# #..# #.#.#....


You could see a phantom.

Vanquished Creatures
  Sigmund (D:3)
  A hound (D:4)
  An orc wizard (D:4)
  An orc priest (D:4)
  Jessica (D:2)
  A worker ant (D:4)
  A hound zombie (D:3)
  4 adders
  An ooze (D:3)
  An adder zombie (D:3)
  2 adder skeletons (D:3)
  A worm (D:2)
  A dart slug (D:3)
  6 orcs
  3 ball pythons
  7 bats
  3 giant cockroaches
  6 hobgoblins
  10 jackals
  A quokka (D:4)
  6 frilled lizards
  4 goblins
  6 kobolds
  6 rats
75 creatures vanquished.

Notes
Turn   | Place    | Note
-------+----------+-------------------------------------------
     0 | D:1      | Dodman the Minotaur Berserker began the quest for the Orb.
     0 | D:1      | Reached XP level 1. HP: 19/19 MP: 0/0
   154 | D:1      | Reached XP level 2. HP: 26/27 MP: 1/1
   721 | D:2      | Reached ** piety under Trog
   848 | D:2      | Noticed Jessica
   853 | D:2      | Killed Jessica
   853 | D:2      | Reached XP level 3. HP: 15/34 MP: 2/2
  1268 | D:2      | Reached XP level 4. HP: 41/41 MP: 3/3
  1711 | D:3      | Found a faded altar of an unknown god.
  1737 | D:3      | Reached skill level 5 in Fighting
  1754 | D:3      | Noticed Sigmund
  1770 | D:3      | Killed Sigmund
  1770 | D:3      | Reached skill level 5 in Axes
  1770 | D:3      | Reached XP level 5. HP: 28/48 MP: 4/4
  1880 | D:3      | Reached XP level 6. HP: 39/56 MP: 5/5
  2142 | D:3      | Found a sacrificial altar of Ru.
  2360 | D:3      | Found a burning altar of Makhleb.
  2360 | D:3      | Noticed a green death
  2405 | D:4      | Found a blossoming altar of Fedhas.
  2506 | D:4      | HP: 3/85 [orc/+0 trident (8)]
  2522 | D:4      | Found a staircase to the Ecumenical Temple.
  2531 | D:4      | HP: 1/57 [phantom (7)]
  2532 | D:4      | Slain by a phantom

Skill      XL: |  1  2  3  4  5  6 |
---------------+-------------------+-----
Fighting       | 4 5 6 |  6.0
Axes           | 4 5 6 |  6.2
Dodging        | 3 4 |  4.4
Armour         | |  2.8

Action                   |  1- 3 |  4- 6 || total
-------------------------+-------+-------++-------
Melee: Hand axe          |    61 |   114 ||   175
       Headbutt          |    10 |    22 ||    32
Invok: Berserk           |       |     1 ||     1
  Use: Scroll            |       |     2 ||     2
 Stab: Paralysed         |       |     1 ||     1
  Eat: Chunk             |     1 |     5 ||     6
Armor: Animal skin       |    14 |    17 ||    31
Dodge: Dodged            |    56 |    79 ||   135
